 Dungeon Crawl Stone Soup version 0.20-b1-24-gb21faa7 (webtiles) character file.

51 KeyserSoze the Skirmisher (level 3, -5/21 HPs)
             Began as a Vine Stalker Berserker on May 25, 2017.
             Was a Believer of Trog.
             Slain by a small abomination (13 damage)
             ... on level 1 of the Abyss.
             The game lasted 00:07:20 (1497 turns).

KeyserSoze the Skirmisher (Vine Stalker Berserker)  Turns: 1497, Time: 00:07:21

Health: -5/21      AC: 11    Str: 19    XL:     3   Next: 83%
Magic:  0/4        EV:  5    Int:  7    God:    Trog [**....]
Gold:   131        SH:  9    Dex: 14    Spells: 2/2 levels left

rFire    . . .     SeeInvis .   a - +0 hand axe
rCold    . . .     Gourm    .   n - +2 shield {AC+3}
rNeg     . . .     Faith    +   g - +0 chain mail
rPois    .         Spirit   +   (no helmet)
rElec    .         Reflect  .   (no cloak)
rCorr    .         Harm     .   (no gloves)
MR       .....                  (no boots)
Stlth    ..........             k - amulet of faith
Regen    0.1/turn               (no ring)
MPRegen  0.1/turn               (no ring)

@: no status effects
A: fangs 2, magic shield, antimagic bite, no potion heal 3, rot immunity
a: Berserk, Trog's Hand, Burn Spellbooks, Renounce Religion


You were on level 1 of the Abyss.
You worshipped Trog.
Trog was pleased with you.
You were not hungry.

You visited 1 branch of the dungeon, and saw 2 of its levels.
You visited the Abyss 1 time.

You collected 131 gold pieces.

Inventory:

Hand Weapons
 a - a +0 hand axe (weapon)
Missiles
 b - 10 poisoned needles
 h - 31 bolts
 j - 25 arrows
Armour
 g - a +0 chain mail (worn)
 n - a +2 shield of protection (worn)
Jewellery
 i - an uncursed amulet of rage
 k - an amulet of faith (around neck)
Scrolls
 e - a scroll of identify
Potions
 l - 2 potions of invisibility {unknown}
Comestibles
 c - 3 bread rations
 d - a fruit
 f - 2 chunks of flesh
 m - a meat ration


   Skills:
 + Level 4.2 Fighting
 - Level 2.6 Axes
 - Level 1.5 Armour
 - Level 1.5 Dodging


You had 2 spell levels left.
You didn't know any spells.

Dungeon Overview and Level Annotations

Branches:
Dungeon (2/15)

Altars:
Okawaru

Annotations:
D:2 Crazy Yiuf


Innate Abilities, Weirdness & Mutations

You have extremely sharp teeth.
When hurt, damage is shared between your health and your magic reserves.
Your bite disrupts and absorbs the magic of your enemies.
Potions cannot restore your health.
You are immune to rotting.


Message History

You continue putting on your +2 shield of protection. x4
You finish putting on your +2 shield of protection.
You feel protected.
Found a scroll of identify.
e - a scroll of identify
Found 13 gold pieces.
Found 2 fruits.
You now have 131 gold pieces (gained 13).
Your shield and chain mail prevent you from hitting the small abomination.
Your bite misses the small abomination.
You block the small abomination's attack.
You closely miss the small abomination. The small abomination hits you!
The small abomination hits you.
You hit the small abomination but do no damage.
You bite the small abomination. You drain its power.
You feel invigorated.
The small abomination is lightly damaged.
You block the small abomination's attack.
The small abomination hits you!
Ouch! That really hurt!
You die...

## ##. .. #.# .#
#.♣♣♣♣ .###....♣ ♣♣♣
# #.#.....♣♣♣#.### .
#.#.#....♣..♣# ..#
...#.#.....x.♣. ...
........x♣.♣..♣#...#
...##..@.♣ ♣♣♣#####
......#..♣
.##.#%.#..#
##.....#..
#.#.......
...##.....## .#.
.#..##. # ..... .#


You could see a small abomination.

Vanquished Creatures
  3 dart slugs
  3 leopard geckos
  4 giant cockroaches
  5 goblins
  8 hobgoblins
  2 jackals (D:1)
  2 kobolds (D:1)
  5 bats
  3 frilled lizards
  3 rats (D:1)
38 creatures vanquished.

Notes
Turn   | Place    | Note
-------+----------+-------------------------------------------
     0 | D:1      | KeyserSoze the Vine Stalker Berserker began the quest for the Orb.
     0 | D:1      | Reached XP level 1. HP: 11/11 MP: 2/2
    15 | D:1      | Noticed a merfolk zombie
    19 | D:1      | Noticed a minotaur zombie
    70 | D:1      | Reached skill level 3 in Fighting
    76 | D:1      | Reached XP level 2. HP: 12/16 MP: 3/3
   669 | D:1      | Reached XP level 3. HP: 19/21 MP: 4/4
  1009 | D:2      | Reached ** piety under Trog
  1041 | D:2      | Reached skill level 4 in Fighting
  1228 | D:2      | Found an iron altar of Okawaru.
  1455 | D:2      | Found a runed door.
  1459 | D:2      | Noticed Crazy Yiuf
  1468 | D:2      | Cast into level 1 of the Abyss (Crazy Yiuf)
  1490 | Abyss:1  | Noticed a small abomination
  1497 | Abyss:1  | Slain by a small abomination

Skill      XL: |  1  2  3 |
---------------+----------+-----
Fighting       | 3 4 |  4.2
Axes           | |  2.6
Armour         | |  1.5
Dodging        | |  1.5

Action                   || total
-------------------------++-------
Melee: Hand axe          ||   106
       Bite              ||    34
  Use: Potion            ||     2
       Scroll            ||     3
  Eat: Chunk             ||     2
Armor: Animal skin       ||    13
       Chain mail        ||    50
Dodge: Dodged            ||    74
Block: Shield            ||     2
